 Dungeon Crawl Stone Soup version 0.32-a0-685-g93135e86f0 (webtiles) character file.

Game seed: 5549707831308728514

1145 Ge0ff the Cleaver (level 8, 0/70 HPs)
             Began as a Mountain Dwarf Chaos Knight on Mar 12, 2024.
             Was a Plaything of Xom.
             Slain by an orc
             ... wielding a +0 flail of holy wrath
              (7 damage)
             ... on level 4 of the Dungeon.
             The game lasted 00:07:44 (3421 turns).

Ge0ff the Cleaver (Mountain Dwarf Chaos Knight)     Turns: 3421, Time: 00:07:44

Health: 0/70       AC: 14    Str: 16    XL:     8   Next: 15%
Magic:  8/8        EV:  5    Int: 14    God:    Xom [...*..]
Gold:   190        SH:  4    Dex:  9    Spells: 7/7 levels left

rFire   + . .        a - +1 hand axe (chaos)
rCold   . . .        (no shield)
rNeg    . . .        Z - +0 plate armour
rPois   .            K - +0 helmet
rElec   +            H - +0 cloak
rCorr   .            (no gloves)
SInv    .            (no boots)
Will    .....        X - amulet of the acrobat Stlth
                     G - ring of protection from fire
HPRegen 0.31/turn    D - ring of flight
MPRegen 0.11/turn

%: acrobat
@: flying
A: runic magic, artefact enchanting, large bone plates 1, electricity resistance
a: Renounce Religion


You were on level 4 of the Dungeon.
You worshipped Xom.
You were a favourite toy of Xom.
You visited 2 branches of the dungeon, and saw 5 of its levels.

You collected 190 gold pieces.

Inventory:

Hand Weapons
 a - a +1 hand axe of chaos (weapon)
 M - a +2 mace of distortion
 N - a +4 club
 T - a +1 sling of flaming
 W - a +0 flail
 Y - a +3 scimitar
Missiles
 C - 3 boomerangs
 P - 2 poisoned darts
 U - 47 stones (quivered)
Armour
 E - a +0 troll leather armour {Pargi}
 H - a +0 cloak (worn)
 K - a +0 helmet (worn)
 V - a +2 robe of cold resistance
 Z - a +0 plate armour (worn)
Jewellery
 D - a ring of flight (right hand)
 G - a ring of protection from fire (left hand)
 X - an amulet of the acrobat (around neck)
Scrolls
 F - a scroll of fog
 S - a scroll of butterflies
Potions
 I - a potion of brilliance {unknown}
 J - a potion of mutation {unknown}
 L - 2 potions of heal wounds {unknown}
 O - a potion of resistance {unknown}
 Q - a potion of might {unknown}
 R - a potion of curing {unknown}


   Skills:
 + Level 5.6 Fighting
 * Level 9.4 Axes
 + Level 4.8 Armour
 - Level 2.0 Dodging


You had 7 spell levels left.
You didn't know any spells.
Your spell library contained the following spells:

 Spells                   Type           Power      Damage    Failure   Level
 Inner Flame              Hex/Fire       0%         N/A       92%         3
 Flame Wave               Conj/Fire      0%         2d4       100%        4
 Leda's Liquefaction      Alch/Erth      0%         N/A       100%        4
 Sticky Flame             Fire/Alch      0%         2d4       100%        4
 Lee's Rapid Deconstruct  Erth           0%         3d4*      100%        5
 Permafrost Eruption      Ice/Erth       0%         2x4d2     100%        6
 Haunt                    Necr/Summ      0%         N/A       100%        7
 Borgnjor's Revivificati  Necr           0%         N/A       100%        8
 Death's Door             Necr           0%         N/A       100%        9


Dungeon Overview and Level Annotations

Branches:
Dungeon (4/15) Zot: 20578  Temple (1/1) D:4 Zot: 5998

Altars:
Cheibriados
Dithmenos
Fedhas
Gozag
Kikubaaqudgha
Makhleb
Nemelex Xobeh
Okawaru
Qazlal
Ru
Sif Muna
Trog
Vehumet
Wu Jian
Xom
The Shining One


Innate Abilities, Weirdness & Mutations

Your spellcasting is much less encumbered by armour.
You can use scrolls of enchantment on lesser artefacts.
You are partially covered in large bone plates. (SH +4)
You are resistant to electric shocks. (rElec)


Message History

The phantom is heavily damaged.
You hit the ogre.
The ogre is poisoned.
You barely miss the ogre.
The ogre is moderately wounded.
The ogre barely misses you.
You hit the ogre.
The ogre is moderately wounded.
You are no longer glowing.
The ogre hits you with a +0 giant spiked club!!
You are too injured to fight recklessly!
You are too injured to fight recklessly!
You are too injured to fight recklessly!
You completely miss the ogre.
The ogre is moderately wounded.
You completely miss the ogre.
The ogre is moderately wounded.
You barely miss the phantom.
The orc shouts!
The phantom hits you.
The phantom blinks!
You blink.
You closely miss the phantom.
The phantom is heavily damaged.
The orc shouts!
The phantom hits you but does no damage.
You hit the orc but do no damage. You hit the phantom but do no damage.
Lightning courses through the phantom!
You destroy the phantom!
The orc hits you but does no damage.
You hit the orc. You freeze the orc.
You kill the orc!
A ribbon worm comes into view.
An orc comes into view.
It is wielding a +0 flail of holy wrath.
The orc completely misses you.
You closely miss the orc. The orc hits you with a +0 short sword.
You closely miss the orc. You hit the orc. You burn the orc.
The orc hits you but does no damage. x2
You slash the ogre!
The ogre is severely wounded.
You hit the orc. You freeze the orc. You hit the orc.
The orc hits you with a +0 short sword.
* * * LOW HITPOINT WARNING * * *
The orc closely misses you.
The ogre hits you with a +0 giant spiked club!
* * * LOW HITPOINT WARNING * * *
You hit the ogre but do no damage.
The ogre is severely wounded.
You hit the ribbon worm.
The ribbon worm is moving more slowly.
You hit the orc.
The orc is caught in a web!
You barely miss the orc.
The orc hits you with a +0 flail of holy wrath!
You die... "Huh?
Did I miss anything?"

... . ...... .#
###.#. ..... .#
#... ## #....
..### #.#. ##.
#...# ....# #.#☼
... #...#......
##
#..##...#......
.. #.#...wo......
.. .#
#.....@....... ..
..#
##....oO...... ..
...#
#...)........ ..
#..#
#....###..... ..
#..##...## #....
..
#.......#####..##
.. #...........
.# #..#.........
## ..#.....#####
..##


You could see an ogre (poisoned), a ribbon worm (petrifying) and 2 orcs.

Vanquished Creatures
  Pargi (D:4)
  Duvessa (D:4)
  2 lemures
  A phantom (D:4)
  Blork the orc (D:4)
  A scorpion (D:4)
  Dowan (D:4)
  A hound (D:4)
  Jessica (D:2)
  3 gnolls (D:3)
  5 adders
  2 ufetubi (D:3)
  2 ribbon worms
  3 dart slugs
  6 orcs
  7 endoplasms
  3 giant cockroaches (D:4)
  6 goblins
  5 hobgoblins
  7 jackals
  3 quokkas
  9 ball pythons
  5 bats
  4 frilled lizards
  6 kobolds
  5 rats
91 creatures vanquished.

Vanquished Creatures (collateral kills)
  Pikel (D:4)
  A ball python (D:1)
  A bat (D:1)
3 creatures vanquished.

Grand Total: 94 creatures vanquished

Notes
Turn   | Place    | Note
-------+----------+-------------------------------------------
     0 | D:1      | Ge0ff the Mountain Dwarf Chaos Knight began the quest for
                  | the Orb.
     0 | D:1      | Reached XP level 1. HP: 19/19 MP: 1/1
    68 | D:1      | Reached skill level 4 in Axes
   107 | D:1      | Reached XP level 2. HP: 26/26 MP: 2/2
   471 | D:1      | Reached XP level 3. HP: 31/31 MP: 3/3
   489 | D:1      | XOM: silly message
   873 | D:2      | XOM: silly message
   886 | D:2      | Found an ornate altar of the Wu Jian Council.
  1305 | D:2      | XOM: chaos cloud
  1379 | D:2      | Noticed Jessica
  1379 | D:2      | XOM: enchant monster (bad)
  1380 | D:2      | XOM: noise
  1387 | D:2      | Killed Jessica
  1388 | D:2      | Reached skill level 5 in Axes
  1388 | D:2      | Reached XP level 4. HP: 21/40 MP: 4/4
  1447 | D:2      | XOM: 1-stop teleportation journey
  1866 | D:2      | XOM: give mutations
  1866 | D:2      | Gained mutation: You are partially covered in large bone
                  | plates. (SH +4) [Xom's grace]
  1866 | D:2      | Gained mutation: You are resistant to electric shocks.
                  | (rElec) [Xom's grace]
  2360 | D:3      | XOM: cleaving
  2399 | D:3      | Reached skill level 6 in Axes
  2460 | D:3      | Reached XP level 5. HP: 46/46 MP: 5/5
  2513 | D:3      | XOM: noise
  2564 | D:3      | Found an ornate altar of the Wu Jian Council.
  2776 | D:4      | Found an ancient bone altar of Kikubaaqudgha.
  2776 | D:4      | Noticed a lemure
  2776 | D:4      | Noticed a lemure
  2776 | D:4      | Noticed Pikel
  2777 | D:4      | Noticed a lemure
  2777 | D:4      | Noticed an ogre
  2780 | D:4      | Noticed a lemure
  2786 | D:4      | XOM: enchant monster (good)
  2793 | D:4      | Killed a lemure
  2795 | D:4      | XOM: 1-stop teleportation journey
  2860 | D:4      | Reached skill level 7 in Axes
  2872 | D:4      | XOM: fake destruction
  2875 | D:4      | Reached XP level 6. HP: 49/52 MP: 6/6
  2886 | D:4      | XOM: destruction
  2889 | D:4      | Noticed Pargi
  2917 | D:4      | Killed Pargi
  2918 | D:4      | Reached skill level 1 in Dodging
  2942 | D:3      | XOM: scenery: create altars
  2944 | D:3      | XOM: god gift: 20 gold pieces
  3029 | D:4      | XOM: cast spell 'Summon Cactus Giant'
  3033 | D:4      | Killed Pikel
  3034 | D:4      | Reached skill level 5 in Fighting
  3034 | D:4      | Reached skill level 8 in Axes
  3034 | D:4      | Reached XP level 7. HP: 51/61 MP: 7/7
  3076 | D:4      | Found a staircase to the Ecumenical Temple.
  3084 | Temple   | Entered the Ecumenical Temple
  3086 | D:4      | XOM: cloud trail
  3205 | D:4      | Noticed Blork the orc
  3223 | D:4      | Killed Blork the orc
  3390 | D:4      | Noticed Dowan
  3390 | D:4      | Noticed Duvessa
  3391 | D:4      | XOM: silly message
  3399 | D:4      | Killed Duvessa
  3399 | D:4      | XOM: noise
  3400 | D:4      | Reached skill level 9 in Axes
  3400 | D:4      | Reached XP level 8. HP: 57/69 MP: 8/8
  3400 | D:4      | Killed Dowan
  3421 | D:4      | Slain by an orc

Illustrated notes

Levels and vault maps discovered:
D:1:      ldierk_walled_garden, layout_loops_cross
D:2:      layout_loops_corners, basic_altar, uniq_jessica
D:3:      layout_loops_ring, mainiacjoe_overflow_small_starburst
D:4:      layout_layer_cave, nicolae_kikubaaqudgha_miasma_corner,
          minmay_temple_entry_overgrown, uniq_pikel, uniq_duvessa, uniq_pargi,
          uniq_blork_the_orc
Temple:   nicolae_temple_figure_eight

Skill      XL: |  1  2  3  4  5  6  7 |
---------------+----------------------+-----
Axes           | 4 5 6 7 8 9 |  9.4
Armour         | 3 4 |  4.8
Fighting       | 4 5 |  5.6
Dodging        | 2 |  2.0

Action                     |  1- 3 |  4- 6 |  7- 9 || total
---------------------------+-------+-------+-------++-------
  Melee: Hand axe          |    86 |   194 |    55 ||   335
  Throw: Stone             |       |     4 |       ||     4
    Use: Scroll            |       |     2 |     4 ||     6
   Stab: Paralysed         |       |     1 |     1 ||     2
         Petrified         |       |     8 |       ||     8
         Petrifying        |       |     2 |       ||     2
 Armour: Leather armour    |    22 |       |       ||    22
         Plate armour      |    38 |   173 |    50 ||   261
  Dodge: Dodged            |    38 |    61 |    10 ||   109
  Block: Other             |       |    29 |     2 ||    31

Table legend: (Time is in decaauts)
 A = Elapsed time spent in this place.
 B = Non-inter-level travel time spent in this place.
 C = Inter-level travel time spent in this place.
 D = Time resting spent in this place.
 E = Time spent auto-exploring this place.
 F = Levels seen in this place.
 G = Mean time per level.
                   A        B        C        D        E       F      G
               +--------+--------+--------+--------+--------+-----+--------+
         Total |   3422 |   3281 |    141 |     50 |   2349 |   5 |  684.4 |
       Dungeon |   3420 |   3279 |    141 |     50 |   2349 |   4 |  855.0 |
        Temple |      1 |      1 |      0 |      0 |      0 |   1 |    1.0 |
               +--------+--------+--------+--------+--------+-----+--------+

Top non-repeatable levels by time:
     D:2: 1187 daAuts
     D:1: 844 daAuts
     D:3: 747 daAuts
     D:4: 642 daAuts
  Temple: 1 daAuts
